 Dungeon Crawl Stone Soup version 0.29.0-11-gd7f09526c8 (webtiles) character file.

Game seed: 10016688044530735187

9 Zeldest the Insei (level 2, 0/26 HPs)
             Began as a Meteoran Monk on Sept 3, 2022.
             Slain by a goblin
             ... wielding a +0 club
              (1 damage)
             ... on level 3 of the Dungeon.
             The game lasted 00:00:54 (116 turns).

Zeldest the Insei (Meteoran Monk)                    Turns: 116, Time: 00:00:55

Health: 0/26       AC:  2    Str: 12    XL:     2   Next: 35%
Magic:  3/3        EV: 13    Int: 11    God:
Gold:   0          SH:  0    Dex: 16    Spells: 1/1 levels left

rFire   . . .      SeeInvis .     - Unarmed
rCold   . . .      Faith    .   (no shield)
rNeg    . . .      Spirit   .   a - +0 robe
rPois   .          Reflect  .   (no helmet)
rElec   .          Harm     .   (no cloak)
rCorr   .          Rampage  .   (no gloves)
Will    .....                   (no boots)
Stlth   +.........              (no amulet)
HPRegen 0.08/turn               (no ring)
MPRegen 0.08/turn               (no ring)

@: glowing
A: sense surroundings 1, otherworldly, glowing, explore regen
a: no special abilities


You were on level 3 of the Dungeon.
You visited 1 branch of the dungeon, and saw 4 of its levels.

Inventory:

Armour
 a - a +0 robe (worn)
Scrolls
 c - a scroll of enchant weapon {unknown}
Potions
 b - a potion of ambrosia


   Skills:
 + Level 3.4 Fighting
 + Level 3.8 Dodging
 - Level 1.4 Stealth
 * Level 4.0 Unarmed Combat


You had one spell level left.
You didn't know any spells.
Your spell library was empty.

Dungeon Overview and Level Annotations

Branches:
Dungeon (4/15) Zot: 2285
 Temple: D:4-7

Altars:


Innate Abilities, Weirdness & Mutations

You passively map a small area around you.
You are easily found by Zot.
You glow in the dark.
You regain HP and MP as you explore.


Message History

The ball python hisses angrily.
Things that are here:
a +0 club; a goblin corpse
Found a whip.
A goblin comes into view. It is wielding a +0 club.
Found a stone staircase leading down.
The goblin shouts!
You hit the ball python.
You kill the ball python!
Your Unarmed Combat skill increases to level 4!
An ufetubus comes into view.
The ufetubus shouts!
You hear an angry hiss.
An adder comes into view.
The goblin hits you but does no damage.
There is a stone staircase leading up, spattered with blood here.
The goblin hits you but does no damage. The ufetubus barely misses you.
The ufetubus hits you.
You climb upwards.
The goblin hits you with a +0 club.
* * * LOW HITPOINT WARNING * * *
The goblin closely misses you.
There is a stone staircase leading down here.
The goblin attacks as you move away! The goblin hits you with a +0 club.
* * * LOW HITPOINT WARNING * * *
The goblin closely misses you.
The endoplasm quivers.
You punch the goblin!
You kill the goblin!
You hit the goblin.
The goblin is heavily wounded.
The goblin hits you but does no damage.
You miss the goblin.
The goblin is heavily wounded.
The goblin hits you with a +0 club.
* * * LOW HITPOINT WARNING * * *
You hit the goblin.
The goblin is severely wounded.
You closely miss the goblin.
The goblin is severely wounded.
The goblin hits you with a +0 club.
You die...

###### *
############....##
#.........##.....
#.........##....######.
#.........##.......!...
#.<.......##........$J.
#.............J.#######
, #.........##....#####
**
#.........@g).......#
#.........##....###.#*
############>.....#
#.####.... * * ... ....
, *.!... ,... , ,
#...... ..#, #.......,,
* #?.......


You could see an endoplasm and a goblin.

Vanquished Creatures
  A ball python (D:4)
  An endoplasm (D:4)
  3 goblins
  A quokka (D:2)
  A kobold (D:2)
7 creatures vanquished.

Notes
Turn   | Place    | Note
-------+----------+-------------------------------------------
     0 | D:1      | Zeldest the Meteoran Monk began the quest for the Orb.
     0 | D:1      | Reached XP level 1. HP: 19/19 MP: 2/2
    89 | D:4      | Reached XP level 2. HP: 2/26 MP: 3/3
    98 | D:4      | Reached skill level 4 in Unarmed Combat
   114 | D:3      | HP: 1/26 [goblin/+0 club (4)]
   116 | D:3      | Slain by a goblin

Illustrated notes

Levels and vault maps discovered:
D:1:      nzn_arrival_water_spiral, layout_loops_corners, basic_ecumenical_altar
D:2:      layout_basic
D:3:      layout_rooms, nicolae_overflow_ecumenical_swirl,
          mainiacjoe_overflow_alcove_2
D:4:      layout_cave_pools, zin_scriptorium

Skill      XL: |  1  2 |
---------------+-------+-----
Unarmed Combat | 4 |  4.0
Fighting       | |  3.4
Dodging        | |  3.8
Stealth        | |  1.4

Action                   || total
-------------------------++-------
Melee: Unarmed           ||    34
Armor: Robe              ||     9
Dodge: Dodged            ||    21
